 Dungeon Crawl Stone Soup version 0.21.1-68-g103a7af (webtiles) character file.

983 wistyy the Basher (level 7, -9/57 HPs)
             Began as a Minotaur Fighter on Aug 2, 2018.
             Killed by divine providence
             ... invoked by an orc priest
              (17 damage)
             ... on level 5 of the Dungeon.
             The game lasted 00:14:27 (3660 turns).

wistyy the Basher (Minotaur Fighter)                Turns: 3660, Time: 00:14:28

Health: -9/57      AC: 18    Str: 20    XL:     7   Next: 96%
Magic:  6/6        EV:  3    Int:  5    God:
Gold:   150        SH:  9    Dex: 12    Spells: 6/6 levels left

rFire    . . .     SeeInvis .   m - +3 whip of Sharkskin {protect, rElec rPois}
rCold    . . .     Gourm    .   c - +0 shield
rNeg     . . .     Faith    .   d - +0 plate armour
rPois    +         Spirit   .   (helmet restricted)
rElec    +         Reflect  .   (no cloak)
rCorr    .         Harm     .   (no gloves)
MR       .....                  (no boots)
Stlth    ..........             (no amulet)
HPRegen  0.19/turn              (no ring)
MPRegen  0.10/turn              (no ring)

@: protection aura
A: retaliatory headbutt, horns 2
a: no special abilities


You were on level 5 of the Dungeon.
You were not hungry.

You visited 1 branch of the dungeon, and saw 5 of its levels.

You collected 210 gold pieces.
You spent 60 gold pieces at shops.

Inventory:

Hand Weapons
 a - a +0 flail
 m - the +3 whip of Sharkskin (weapon) {protect, rElec rPois}
   (You found it on level 4 of the Dungeon)

   It protects the one who uses it against injury (+AC on strike).
   It insulates you from electricity.
   It protects you from poison.
Armour
 b - a +0 scale mail
 c - a +0 shield (worn)
 d - a +0 plate armour (worn)
Wands
 j - a wand of paralysis (15)
Scrolls
 g - 8 scrolls of remove curse
 i - 4 scrolls of teleportation
 k - 3 scrolls of magic mapping
 p - a scroll of identify
Potions
 e - a potion of curing
 n - a potion of flight
 o - a potion of ambrosia
Comestibles
 f - 8 rations


   Skills:
 - Level 3.6 Fighting
 * Level 10.8 Maces & Flails
 - Level 3.6 Armour
 - Level 4.3 Shields


You had 6 spell levels left.
You didn't know any spells.

Dungeon Overview and Level Annotations

Branches:
Dungeon (5/15)             Temple (0/1) D:4

Altars:

Shops:
D:4 ?   D:5 =


Innate Abilities, Weirdness & Mutations

You reflexively headbutt those who attack you in melee.
You have a pair of horns on your head.


Message History

The orc warrior is severely wounded.
Something hits you but does no damage.
Your plate armour prevents you from hitting the orc warrior.
The orc warrior is severely wounded.
Something hits you.
* * * LOW HITPOINT WARNING * * *
You feel better. The orc warrior hits you with a glaive.
Something hits you but does no damage.
You hit the orc warrior.
The orc warrior is almost dead.
Something hits you but does no damage. The orc warrior hits you with a glaive.
* * * LOW HITPOINT WARNING * * *
You hit the orc warrior but do no damage.
You kill the orc warrior!
The orc priest invokes the aid of Beogh against you.
Pain shoots through your body!
* * * LOW HITPOINT WARNING * * *
The orc priest invokes the aid of Beogh against you.
Beogh smites you!
You die...

.... #.. #.# ##.#
##..# ##### . #.<##
#...# .. #.## ####.#.#
#.###.# ##...∩..## ...
#....@###...#.#..#....
####...))o.......$#
##.##...(......#
#.##..........#
#.##..........#
...#.........(#
...##..../...##
...?#..........#
.(.>#.(.........%


You could see an orc priest.

Vanquished Creatures
  Sigmund (D:5)
  An orc warrior (D:5)
  2 ogres (D:4)
  4 wights (D:4)
  An orc priest (D:4)
  An orc wizard (D:5)
  A centaur skeleton (D:5)
  5 worker ants
  Robin (D:4)
  6 adders
  2 oozes (D:1)
  5 worms
  3 dart slugs
  4 leopard geckos
  12 orcs
  4 giant cockroaches
  21 goblins
  4 hobgoblins
  10 jackals
  A quokka (D:3)
  3 ball pythons
  10 bats
  6 frilled lizards
  4 kobolds
  A quokka skeleton (D:4)
  7 rats
120 creatures vanquished.

Notes
Turn   | Place    | Note
-------+----------+-------------------------------------------
     0 | D:1      | wistyy the Minotaur Fighter began the quest for the Orb.
     0 | D:1      | Reached XP level 1. HP: 19/19 MP: 0/0
    58 | D:1      | Reached skill level 3 in Maces & Flails
    59 | D:1      | Reached XP level 2. HP: 22/26 MP: 1/1
   258 | D:1      | Reached XP level 3. HP: 28/31 MP: 2/2
   274 | D:1      | Reached skill level 4 in Maces & Flails
   940 | D:2      | Reached XP level 4. HP: 36/39 MP: 3/3
  1208 | D:3      | Reached skill level 5 in Maces & Flails
  1982 | D:4      | Noticed an ogre
  1988 | D:4      | Killed an ogre
  1988 | D:4      | Reached skill level 6 in Maces & Flails
  1988 | D:4      | Reached XP level 5. HP: 42/45 MP: 4/4
  2075 | D:4      | Reached skill level 7 in Maces & Flails
  2369 | D:4      | Noticed an ogre
  2376 | D:4      | Killed an ogre
  2376 | D:4      | Reached XP level 6. HP: 21/51 MP: 5/5
  2680 | D:4      | Reached skill level 8 in Maces & Flails
  2739 | D:4      | Reached XP level 7. HP: 49/57 MP: 6/6
  2798 | D:4      | Noticed Robin
  2802 | D:4      | Reached skill level 9 in Maces & Flails
  2823 | D:4      | Killed Robin
  2943 | D:4      | Found a staircase to the Ecumenical Temple.
  2954 | D:4      | Got a fine whip
  2956 | D:4      | Identified the +3 whip of Sharkskin {protect, rElec rPois} (You found it on level 4 of the Dungeon)
  3270 | D:4      | Found Qirivvic's Magic Scroll Boutique.
  3274 | D:4      | Bought a scroll of identify for 20 gold pieces
  3274 | D:4      | Bought a scroll of identify for 20 gold pieces
  3274 | D:4      | Bought a scroll of identify for 20 gold pieces
  3433 | D:5      | Entered Level 5 of the Dungeon
  3439 | D:5      | Noticed Sigmund
  3440 | D:5      | Found Yruowoemi's Jewellery Emporium.
  3452 | D:5      | Killed Sigmund
  3452 | D:5      | Reached skill level 10 in Maces & Flails
  3660 | D:5      | Killed from afar by an orc priest

Skill      XL: |  1  2  3  4  5  6  7 |
---------------+----------------------+-----
Maces & Flails | 3 4 6 7 8 10 | 10.8
Shields        | 4 |  4.3
Fighting       | |  3.6
Armour         | |  3.6

Action                   |  1- 3 |  4- 6 |  7- 9 || total
-------------------------+-------+-------+-------++-------
Melee: Flail             |   100 |   149 |    24 ||   273
       Headbutt          |    10 |    23 |    15 ||    48
       Whip              |       |       |    92 ||    92
  Use: Scroll            |     4 |     1 |     3 ||     8
       Potion            |       |     1 |     2 ||     3
  Eat: Chunk             |       |     6 |     3 ||     9
Armor: Scale mail        |    50 |    24 |       ||    74
       Plate armour      |       |    17 |    68 ||    85
Dodge: Dodged            |    38 |    32 |     8 ||    78
Block: Shield            |    53 |    60 |    39 ||   152
